 Dungeon Crawl Stone Soup version 0.23-a0-167-gf92cf62f8f (webtiles) character file.

172 PikkenKukken the Skirmisher (level 5, 0/42 HPs)
             Began as a Demonspawn Abyssal Knight on Sept 11, 2018.
             Was a Believer of Lugonu.
             Succumbed to an adder's poison
             ... on level 3 of the Dungeon.
             The game lasted 00:03:44 (2153 turns).

PikkenKukken the Skirmisher (DsAK)                  Turns: 2153, Time: 00:03:44

Health: 0/42       AC:  8    Str: 13    XL:     5   Next: 27%
Magic:  7/7        EV:  6    Int: 13    God:    Lugonu [**....]
Gold:   159        SH:  0    Dex: 13    Spells: 4/4 levels left

rFire    . . .     SeeInvis .   a - +2 spear
rCold    . . .     Gourm    .   (no shield)
rNeg     . . .     Faith    .   g - +0 chain mail (curse)
rPois    .         Spirit   .   (no helmet)
rElec    .         Reflect  .   (no cloak)
rCorr    .         Harm     .   (no gloves)
MR       .....                  (no boots)
Stlth    ..........             (no amulet)
HPRegen  0.14/turn              (no ring)
MPRegen  0.10/turn              (no ring)

@: lethally poisoned (0 -> -3), about to teleport
A: claws 1, demonic guardian 1
a: Depart the Abyss, Bend Space, Renounce Religion


You were on level 3 of the Dungeon.
You worshipped Lugonu.
Lugonu was pleased with you.
You were not hungry.

You visited 1 branch of the dungeon, and saw 3 of its levels.
You visited the Abyss 1 time.

You collected 159 gold pieces.

Inventory:

Hand Weapons
 a - a +2 spear (weapon)
Armour
 b - a +1 leather armour
 g - a cursed +0 chain mail (worn)
 h - a +4 chain mail of magic resistance
Wands
 f - a wand of iceblast (10)
Scrolls
 i - a scroll of enchant weapon
Potions
 e - a potion of invisibility
Comestibles
 c - 5 rations
 d - 6 chunks of flesh


   Skills:
 + Level 3.8 Fighting
 * Level 3.1 Polearms
 + Level 2.4 Armour
 + Level 1.9 Dodging
 + Level 3.7 Invocations


You had 4 spell levels left.
You didn't know any spells.
Your spell library was empty.

Dungeon Overview and Level Annotations

Branches:
Dungeon (3/15)

Altars:

Portals:
Sewer: D:3


Innate Abilities, Weirdness & Mutations

You have sharp fingernails.
A weak demonic guardian rushes to your aid.


Message History

You feel sick.
Unknown command.
You hit the giant cockroach.
The giant cockroach is moderately wounded.
The giant cockroach bites you but does no damage.
Unknown command.
You hit the giant cockroach.
The giant cockroach is severely wounded.
* * * LOW HITPOINT WARNING * * *
You feel sick. The giant cockroach closely misses you.
Unknown command.
You hit the giant cockroach.
You kill the giant cockroach!
Lugonu accepts your kill.
Things that are here:
a giant cockroach corpse; an adder corpse
Okay, then.
As you read the scroll labeled JAD GIAPRANT, it crumbles to dust.
You feel strangely unstable.
It was a scroll of teleportation.
You die...

. ###. ##. #... ...
#... #.# #.<. #.# #...
#.# #... #.# ##.# #.#
#.# #@# ##.# #.#
.####... #####.####
........ #........#
#####... #..##'##.###
##.# #..#≈≈≈#...## #.#
#..#≈≈≈#....## #.#
#..#≈∩≈#.....#######.#
#..#≈≈≈#...........).#


There were no monsters in sight!

Vanquished Creatures
  Ijyb (D:3)
  Terence (D:3)
  6 adders
  3 worms (D:2)
  A dart slug (D:2)
  2 leopard geckos (D:1)
  2 orcs (D:3)
  A ball python (D:2)
  3 giant cockroaches
  6 goblins
  4 hobgoblins
  A quokka (D:2)
  6 bats
  A frilled lizard (D:1)
  8 kobolds
  2 rats
48 creatures vanquished.

Vanquished Creatures (collateral kills)
  An adder (D:1)
  A worm (D:1)
  A goblin (D:3)
3 creatures vanquished.

Grand Total: 51 creatures vanquished

Notes
Turn   | Place    | Note
-------+----------+-------------------------------------------
     0 | Abyss:1  | PikkenKukken the Demonspawn Abyssal Knight began the quest
                  | for the Orb.
     0 | Abyss:1  | Reached XP level 1. HP: 18/18 MP: 2/2
    51 | Abyss:1  | Noticed a hellion
    52 | D:1      | Escaped the Abyss
   284 | D:1      | Reached skill level 1 in Dodging
   314 | D:1      | Gained mutation: A weak demonic guardian rushes to your
                  | aid. [demonic ancestry]
   314 | D:1      | Reached XP level 2. HP: 22/24 MP: 3/3
   847 | D:1      | Reached * piety under Lugonu
  1061 | D:1      | Reached XP level 3. HP: 19/29 MP: 5/5
  1524 | D:2      | Gained mutation: You have sharp fingernails. [demonic
                  | ancestry]
  1524 | D:2      | Reached XP level 4. HP: 30/35 MP: 6/6
  1971 | D:3      | Noticed Ijyb
  1985 | D:3      | Killed Ijyb
  2062 | D:3      | Reached ** piety under Lugonu
  2083 | D:3      | Noticed Terence
  2093 | D:3      | Killed Terence
  2093 | D:3      | Reached XP level 5. HP: 33/42 MP: 7/7
  2102 | D:3      | Found a glowing drain.
  2146 | D:3      | HP: 2/42 [poisoned by an adder]
  2153 | D:3      | Succumbed to an adder's poison

Vault maps used:
D:1:      grunt_arrival_lava_bath, hex_intersection
D:3:      minmay_diamond_boxcup, lemuel_blue_sif_altar, marbit_many_paths,
          gup_sewer_entry_glass, minmay_misc_feat_five, uniq_terence, uniq_ijyb
Abyss:1:  eino_small_chamber_without_monster

Skill      XL: |  1  2  3  4 |
---------------+-------------+-----
Dodging        | 1 |  1.9
Polearms       | 2 3 |  3.1
Armour         | 2 |  2.4
Invocations    | 3 |  3.7
Fighting       | |  3.8

Action                   |  1- 3 |  4- 6 || total
-------------------------+-------+-------++-------
Melee: Spear             |   134 |   118 ||   252
Invok: Depart the Abyss  |     1 |       ||     1
  Use: Scroll            |     5 |     4 ||     9
       Potion            |       |     1 ||     1
  Eat: Chunk             |     2 |     2 ||     4
Armor: Leather armour    |     5 |       ||     5
       Chain mail        |    69 |    56 ||   125
Dodge: Dodged            |    52 |    35 ||    87

Table legend:
 A = Non-vault XP
 B = Vault XP
 C = Vault XP percentage of total XP
 D = Non-vault monster count
 E = Vault monster count
 F = Vault count percentage of total count
                 A         B        C        D         E       F
            +---------+---------+-------+---------+---------+-------
      Total |     146 |     101 |  40.9 |      45 |       6 |  11.8
            +---------+---------+-------+---------+---------+-------
        D:1 |      52 |       0 |   0.0 |      19 |       0 |   0.0
        D:2 |      83 |       0 |   0.0 |      21 |       0 |   0.0
        D:3 |      11 |     101 |  90.2 |       5 |       6 |  54.5
            +---------+---------+-------+---------+---------+-------
